 Dungeon Crawl Stone Soup version 0.29.1-13-g9f3cf754e1 (webtiles) character file.

Game seed: 17037884789477723957

11 chuck the Covered (level 2, 0/19 HPs)
             Began as a Gargoyle Fighter on Jan 27, 2023.
             Frozen to death by an endoplasm (4 damage)
             ... on level 1 of the Dungeon.
             The game lasted 00:00:34 (429 turns).

chuck the Covered (Gargoyle Fighter)                 Turns: 429, Time: 00:00:35

Health: 0/19       AC:  9    Str: 19    XL:     2   Next: 29%
Magic:  2/2        EV:  9    Int:  8    God:
Gold:   12         SH:  4    Dex:  9    Spells: 1/1 levels left

rFire   . . .      SeeInvis .   a - +0 war axe
rCold   . . .      Faith    .   c - +0 buckler
rNeg    + . .      Spirit   .   b - +0 scale mail
rPois   ∞          Reflect  .   (no helmet)
rElec   +          Harm     .   (no cloak)
rCorr   .          Rampage  .   (no gloves)
Will    .....                   (no boots)
Stlth   ..........              (no amulet)
HPRegen 0.06/turn               (no ring)
MPRegen 0.08/turn               (no ring)

@: no status effects
A: sickness immunity, AC +2, negative energy resistance 1, electricity
resistance, torment resistance 1, petrification resistance
a: no special abilities


You were on level 1 of the Dungeon.
You visited 1 branch of the dungeon, and saw 1 of its levels.

You collected 12 gold pieces.

Inventory:

Hand Weapons
 a - a +0 war axe (weapon)
Armour
 b - a +0 scale mail (worn)
 c - a +0 buckler (worn)
Potions
 d - a potion of might


   Skills:
 + Level 3.5 Fighting
 + Level 2.0 Axes
 + Level 3.5 Armour
 + Level 3.4 Shields


You had one spell level left.
You didn't know any spells.
Your spell library contained the following spells:

 Spells                   Type           Power      Damage    Failure   Level
 Hailstorm                Conj/Ice       0%         3d3       100%        4
 Ice Form                 Ice/Tmut       0%         N/A       100%        4
 Simulacrum               Ice/Necr       0%         N/A       100%        6


Dungeon Overview and Level Annotations

Branches:
Dungeon (1/15)

Altars:


Innate Abilities, Weirdness & Mutations

You are immune to sickness and miasma.
Your stone body is resilient. (AC +2)
You are immune to poison.
You resist negative energy. (rN+)
You are resistant to electric shocks. (rElec)
You are resistant to unholy torment.
You are immune to petrification.


Message History

No target in view!
No target in view!
Things that are here:
a +0 whip; a quokka corpse
Found 6 stones.
Found a dagger.
An endoplasm comes into view.
Found a scroll labelled VAFFI RUSH and a crooked runed staff.
The endoplasm quivers.
An endoplasm is nearby!
An endoplasm comes into view.
The endoplasm quivers.
The endoplasm barely misses you.
You hit the endoplasm.
The endoplasm is heavily wounded.
The endoplasm freezes you.
You are frozen.
The endoplasm freezes you.
You are frozen.
The endoplasm hits you.
You are too injured to fight recklessly!
You are too injured to fight recklessly!
You are too injured to fight recklessly!
You are too injured to fight recklessly!
You are too injured to fight recklessly!
You are too injured to fight recklessly!
You hit the endoplasm.
The endoplasm is severely wounded.
You barely miss the endoplasm. The endoplasm freezes you.
You are frozen.
* * * LOW HITPOINT WARNING * * *
The endoplasm hits you.
* * * LOW HITPOINT WARNING * * *
You completely miss the endoplasm.
The endoplasm is severely wounded.
You hit the endoplasm but do no damage. You block the endoplasm's attack.
The endoplasm barely misses you. The endoplasm freezes you.
You are frozen.
You die...

#...# ### #..# #...#
... #..# .# #...# #.#
#..# .# #...# #.#
#..#..# #...# #.#
##..#..# #...# #.#
..... #...# #.# #J|#
#...#####.## #@.##)#
#..........#####J.(..#
#....................#
#.#.######.######....#
#.#.# #.# .##.# #)#.#
#.# .# .# #.#.######.#
.# # #.)......... .#
###.######.# .#


You could see 2 endoplasms.

Vanquished Creatures
  2 giant cockroaches (D:1)
  3 quokkas (D:1)
  2 goblins (D:1)
  2 kobolds (D:1)
  2 rats (D:1)
11 creatures vanquished.

Notes
Turn   | Place    | Note
-------+----------+-------------------------------------------
     0 | D:1      | chuck the Gargoyle Fighter began the quest for the Orb.
     0 | D:1      | Reached XP level 1. HP: 14/14 MP: 1/1
   186 | D:1      | Reached XP level 2. HP: 17/19 MP: 2/2
   229 | D:1      | Found a faded altar of an unknown god.
   429 | D:1      | Frozen to death by an endoplasm

Illustrated notes

Levels and vault maps discovered:
D:1:      heliophobic_arrival_enchanted_forest, layout_loops_ring,
          hellmonk_ecumenical_altar_defaced_shrine, amcnicky_mini_pool_small

Skill      XL: |  1  2 |
---------------+-------+-----
Axes           | 2 |  2.0
Fighting       | |  3.5
Armour         | |  3.5
Shields        | |  3.4

Action                   || total
-------------------------++-------
Melee: War axe           ||    41
Armor: Scale mail        ||    27
Dodge: Dodged            ||    24
Block: Buckler           ||    10
